 Dungeon Crawl Stone Soup version 0.21-a0-531-gacddea6 (webtiles) character file.

46 tnowlan the Grasshopper (level 3, 0/28 HPs)
             Began as a Human Warper on Dec 12, 2017.
             Slain by a giant cockroach (2 damage)
             ... on level 1 of the Dungeon.
             The game lasted 00:06:10 (1366 turns).

tnowlan the Grasshopper (Human Warper)              Turns: 1366, Time: 00:06:11

Health: 0/28       AC:  7    Str: 12    XL:     3   Next: 95%
Magic:  6/6        EV:  9    Int: 13    God:
Gold:   31         SH:  0    Dex: 12    Spells: 2/6 levels left

rFire    . . .     SeeInvis .   a - +0 falchion
rCold    . . .     Gourm    .   (no shield)
rNeg     . . .     Faith    .   h - +0 scale mail
rPois    .         Spirit   .   b - +0 helmet
rElec    .         Reflect  .   (no cloak)
rCorr    .         Harm     .   (no gloves)
MR       .....                  (no boots)
Stlth    ..........             (no amulet)
HPRegen  0.09/turn              k - ring of wizardry
MPRegen  0.10/turn              (no ring)

@: no status effects
A: no striking features
a: no special abilities


You were on level 1 of the Dungeon.
You were not hungry.

You visited 1 branch of the dungeon, and saw 1 of its levels.

You collected 31 gold pieces.

Inventory:

Hand Weapons
 a - a +0 falchion (weapon)
Missiles
 e - 5 tomahawks of dispersal (quivered)
Armour
 b - a +0 helmet (worn)
 h - a +0 scale mail (worn)
Jewellery
 k - a ring of wizardry (left hand)
Scrolls
 d - a scroll of blinking
 g - 2 scrolls of identify {unknown}
 j - a scroll of enchant armour {unknown}
Books
 c - a book of Spatial Translocations

   Spells                             Type                      Level
   a - Blink                          Translocation                2
   b - Shroud of Golubria             Charms/Translocation         2
   c - Lesser Beckoning               Translocation                3
   d - Gell's Gravitas                Translocation                3
   e - Teleport Other                 Translocation                3
   f - Passage of Golubria            Translocation                4
Comestibles
 f - a bread ration


   Skills:
 + Level 2.3 Fighting
 + Level 2.8 Long Blades
 + Level 1.0 Throwing
 + Level 1.5 Armour
 + Level 2.3 Dodging
 + Level 2.0 Spellcasting
 + Level 3.1 Translocations


You had 2 spell levels left.
You knew the following spells:

 Your Spells              Type           Power        Failure   Level  Hunger
a - Shroud of Golubria    Chrm/Tloc      #.........   38%         2    ###....
b - Blink                 Tloc           N/A          21%         2    ###....


Dungeon Overview and Level Annotations

Branches:
Dungeon (1/15)

Altars:


Message History

You barely miss the worm.
The giant cockroach bites you but does no damage.
The giant cockroach completely misses you.
You hit the worm.
The worm is lightly wounded.
The giant cockroach bites you but does no damage.
The worm bites you.
You barely miss the worm.
The worm is lightly wounded.
The giant cockroach bites you but does no damage.
The worm closely misses you.
You riposte.
You hit the worm but do no damage. The giant cockroach barely misses you.
You hit the worm.
The worm is lightly wounded.
The giant cockroach bites you.
* * * LOW HITPOINT WARNING * * *
The worm bites you.
* * * LOW HITPOINT WARNING * * *
You completely miss the worm. The giant cockroach bites you.
You die...

##...####.........##.#...##..
#.......'.........'..........
##...####.........#..........
#..##...................###.
#.###.###'#######+###.#.###.
#.###.#..⌠...>...⌠..#.......
#.##..#......<......#.#.####
#.##..+⌠...s###....⌠'.#.#
#.##..#....@wr......#.#.#
#.##..#######'#######.#.#
#.....#.....Js......#.#.#
####..#.............#.#.#
#..#.............#.#.#
#..###############...#
#....................#
#####.###....######### #.#
#...#


You could see a worm, an ooze, 2 giant cockroaches and a rat.

Vanquished Creatures
  2 oozes (D:1)
  A worm (D:1)
  2 leopard geckos (D:1)
  6 bats (D:1)
  3 giant cockroaches (D:1)
  A goblin (D:1)
  4 hobgoblins (D:1)
  3 jackals (D:1)
  A ball python (D:1)
  9 frilled lizards (D:1)
  A kobold (D:1)
  A rat (D:1)
34 creatures vanquished.

Notes
Turn   | Place    | Note
-------+----------+-------------------------------------------
     0 | D:1      | tnowlan the Human Warper began the quest for the Orb.
     0 | D:1      | Reached XP level 1. HP: 16/16 MP: 3/3
     1 | D:1      | Found a runed door.
   258 | D:1      | Reached XP level 2. HP: 5/22 MP: 5/5
   262 | D:1      | Learned a level 2 spell: Shroud of Golubria
   265 | D:1      | Learned a level 2 spell: Blink
   870 | D:1      | Reached XP level 3. HP: 28/28 MP: 6/6
  1366 | D:1      | Slain by a giant cockroach

Vault maps used:
D:1:      dpeg_arrival_caged_fury, roderic_lattice_a, minmay_lizard_pond

Action                   || total
-------------------------++-------
Melee: Falchion          ||   104
  Use: Potion            ||     1
  Eat: Royal jelly       ||     1
Armor: Leather armour    ||     5
       Scale mail        ||    85
Dodge: Dodged            ||    80
       Rpst.: Falchion   ||    28

Table legend:
 A = Spawn XP
 B = Non-spawn XP
 C = Spawn XP percentage of total XP
 D = Spawn monster count
 E = Non-spawn monster count
 F = Spawn count percentage of total count
 G = Total turns spent on level
                    A         B        C        D         E        F      G
               +---------+---------+-------+---------+---------+-------+---------
         Total |       0 |      67 |   0.0 |       0 |      34 |   0.0 |  1366
               +---------+---------+-------+---------+---------+-------+---------
           D:1 |       0 |      67 |   0.0 |       0 |      34 |   0.0 |  1366
               +---------+---------+-------+---------+---------+-------+---------
